 Dungeon Crawl Stone Soup version 0.20.2-3-g29329e0561 (webtiles) character file.

63 Alfie the Shooter (level 3, 0/30 HPs)
             Began as a Minotaur Hunter on Aug 21, 2020.
             Succumbed to a gnoll's poison
             ... on level 2 of the Dungeon.
             The game lasted 00:04:29 (877 turns).

Alfie the Shooter (Minotaur Hunter)                  Turns: 877, Time: 00:04:29

Health: 0/30       AC:  5    Str: 21 (22) XL:     3   Next: 87%
Magic:  2/2        EV: 12    Int:  6 (8)  God:
Gold:   88         SH:  0    Dex:  8 (10) Spells: 2/2 levels left

rFire    . . .     SeeInvis .   a - +1 shortbow
rCold    . . .     Gourm    .   (shield currently unavailable)
rNeg     . . .     Faith    .   c - +1 leather armour
rPois    .         Spirit   .   (helmet restricted)
rElec    .         Reflect  .   (no cloak)
rCorr    .         Harm     .   i - +0 pair of gloves
MR       .....                  (no boots)
Stlth    +.........             (no amulet)
Regen    0.1/turn               (no ring)
MPRegen  0.1/turn               (no ring)

@: mighty, lethally poisoned (0 -> -19)
A: retaliatory headbutt, horns 2, mutation resistance 1
a: no special abilities


You were on level 2 of the Dungeon.
You were not hungry.

You visited 1 branch of the dungeon, and saw 2 of its levels.

You collected 88 gold pieces.

Inventory:

Hand Weapons
 a - a +1 shortbow (weapon)
 b - a +0 short sword
Missiles
 d - 9 arrows (quivered)
Armour
 c - a +1 leather armour (worn)
 i - a +0 pair of gloves (worn)
Scrolls
 j - a scroll of enchant armour
 k - 2 scrolls of magic mapping
 o - a scroll of remove curse
 p - a scroll of identify {unknown}
Comestibles
 f - 2 bread rations
 l - 2 royal jellies
 n - 2 fruits


   Skills:
 + Level 2.8 Fighting
 + Level 5.7 Bows
 + Level 0.2 Armour
 + Level 2.2 Dodging
 + Level 1.0 Stealth


You had 2 spell levels left.
You didn't know any spells.

Dungeon Overview and Level Annotations

Branches:
Dungeon (2/15)

Altars:


Innate Abilities, Weirdness & Mutations

You reflexively headbutt those who attack you in melee.
You have a pair of horns on your head.
You are somewhat resistant to further mutation.


Message History

The gnoll hits you from afar with a spear of venom.
You are more poisoned.
As you read the scroll of teleportation, it crumbles to dust.
You feel strangely unstable.
You feel very sick. The gnoll barely misses you.
You feel sick.
* * * LOW HITPOINT WARNING * * *
You feel sick.
Your surroundings suddenly seem different.
* * * LOW HITPOINT WARNING * * *
You feel sick.
You aren't carrying any potions.
* * * LOW HITPOINT WARNING * * *
You feel sick.
* * * LOW HITPOINT WARNING * * *
You feel sick.
* * * LOW HITPOINT WARNING * * *
You feel sick.
You die...

.......# #.........##.###.รท
...##..# #.##########.###..
#...#..# #.# ##....).....
###.#..# #.# ##.#.........
#.#..#########.####.###........
#.#.............)..## ##.......
#.##.#####..........###........
#.##...........####..#.##......
#....#####.###@# #.#.####.....
####.# #.# #.# ##...## ####..
#.# #.# #.###.###.# #.. #.# #.#
#..>..# #.# #.. #.# #(#
#.###.###.######.. #.# #.#
#.###............. #.#
#.###........########.
#.#####............## #.
#............##.....# #.


There were no monsters in sight!

Vanquished Creatures
  3 gnolls
  A dart slug (D:1)
  A giant cockroach (D:1)
  2 goblins
  4 hobgoblins
  3 jackals (D:1)
  4 kobolds
  A ball python (D:1)
  6 bats
  A frilled lizard (D:1)
  5 rats
31 creatures vanquished.

Notes
Turn   | Place    | Note
-------+----------+-------------------------------------------
     0 | D:1      | Alfie the Minotaur Hunter began the quest for the Orb.
     0 | D:1      | Reached XP level 1. HP: 18/18 MP: 0/0
   117 | D:1      | Reached XP level 2. HP: 25/25 MP: 1/1
   162 | D:1      | Reached skill level 5 in Bows
   219 | D:1      | Reached XP level 3. HP: 29/30 MP: 2/2
   861 | D:2      | Reached skill level 1 in Stealth
   867 | D:2      | Gained mutation: You are somewhat resistant to further mutation. [potion of mutation]
   877 | D:2      | Succumbed to a gnoll's poison

Skill      XL: |  1  2  3 |
---------------+----------+-----
Bows           | 5 |  5.7
Stealth        | 1 |  1.0
Fighting       | |  2.8
Armour         | |  0.2
Dodging        | |  2.2

Action                   || total
-------------------------++-------
Melee: Short sword       ||    19
       Headbutt          ||     4
 Fire: Shortbow          ||    47
  Use: Scroll            ||     6
       Potion            ||     3
 Stab: Sleeping          ||     1
Armor: Leather armour    ||    11
Dodge: Dodged            ||    29
